 Dungeon Crawl Stone Soup version 0.23.2-1-ga50397a (webtiles) character file.

Game seed: 17759502390009723945

149 Nydiazath the Sneak (level 5, -3/24 HPs)
             Began as a Spriggan Enchanter on May 1, 2019.
             Blown up by a hobgoblin (18 damage)
             ... with a wand of disintegration (10)
             ... on level 2 of the Dungeon.
             The game lasted 00:12:19 (3494 turns).

Nydiazath the Sneak (Spriggan Enchanter)            Turns: 3494, Time: 00:12:19

Health: -3/24      AC:  3    Str:  4    XL:     5   Next: 9%
Magic:  3/13       EV: 18    Int: 17    God:
Gold:   181        SH:  0    Dex: 17    Spells: 7/13 levels left

rFire    . . .     SeeInvis +   m - +1 dagger (venom)
rCold    . . .     Gourm    .   (shield restricted)
rNeg     . . .     Faith    .   b - +1 robe
rPois    .         Spirit   .   (helmet restricted)
rElec    .         Reflect  .   (no cloak)
rCorr    .         Harm     .   (gloves unavailable)
MR       .....                  (boots unavailable)
Stlth    ++++......             (no amulet)
HPRegen  0.08/turn              (no ring)
MPRegen  0.13/turn              (no ring)

@: very slightly contaminated, very quick
A: very small, unfitting armour, see invisible, herbivore, speed 3, slow
metabolism 2
a: no special abilities


You were on level 2 of the Dungeon.
You were not hungry.

You visited 1 branch of the dungeon, and saw 3 of its levels.

You collected 181 gold pieces.

Inventory:

Hand Weapons
 a - a +2 dagger
 m - a +1 dagger of venom (weapon)
Armour
 b - a +1 robe (worn)
 d - a cursed +0 buckler
Scrolls
 c - a scroll of noise {unknown}
 i - 5 scrolls of remove curse
Potions
 e - a potion of flight
 f - a potion of lignification
 g - 5 potions of curing
 h - 2 potions of brilliance
 j - a potion of might {unknown}
 k - a potion of mutation {unknown}
 n - a potion of agility {unknown}
 o - a potion of heal wounds {unknown}
Comestibles
 l - 5 rations


   Skills:
 - Level 1.1 Short Blades
 - Level 0.5 Armour
 - Level 3.0 Dodging
 + Level 7.0 Stealth
 + Level 4.8 Spellcasting
 - Level 3.6 Hexes


You had 7 spell levels left.
You knew the following spells:

 Your Spells              Type           Power        Failure   Level  Hunger
a - Corona                Hex            ###....      3%          1    None
b - Ensorcelled Hibernat  Hex/Ice        ##....       11%         2    #......
c - Confuse               Hex            ###.....     10%         3    ###....

Your spell library contained the following spells:

 Spells                   Type           Power        Failure   Level  Hunger
 Tukima's Dance           Hex            ###.....     10%         3    ###....
 Dazzling Spray           Conj/Hex       ##....       21%         3    ###....


Dungeon Overview and Level Annotations

Branches:
Dungeon (3/15)

Altars:
Makhleb
Ru


Innate Abilities, Weirdness & Mutations

You are very small and have problems with some larger weapons.
You are too small for most types of armour.
You have supernaturally acute eyesight. (SInv)
You are a herbivore.
You cover ground extremely quickly.
You need to consume almost no food.


Message History

You strike the helpless hobgoblin from behind!
You puncture the hobgoblin!
You kill the hobgoblin!
Casting: Confuse (safe; 10% risk of failure)
Confirm with . or Enter, or press ? or * to list all spells.
Aiming: Ensorcelled Hibernation (safe; 11% risk of failure)
Press: ? - help, Shift-Dir - straight line, f - orc, p - orc wizard
Aim: an orc, wearing a +0 leather armour (chance to defeat MR: 59%)
You miscast Ensorcelled Hibernation.
You are very lightly contaminated with residual magic.
Frost spreads across the stone staircase leading up.
The orc misses you.
The hobgoblin hits you with a +0 war axe.
The orc barely misses you.
You climb upwards.
There is a stone staircase leading down here.
The orc hits you.
The hobgoblin zaps a wand.
You are blasted!
Ouch! That really hurt!
You die...

#.......# #..[....#
#.......# #....)..#
####.......# #..........#
#.....######
################...†.######
#......g..@....'...........
#.#####o########.....##...#
#.# #........'.....''...'
#.# ##########.....##...#
#.# #####.....####...# #.#
#.........# #...# #.#
#.........# ##### #.#
#.........#
##.############.....########


You could see an orc and a hobgoblin.

Vanquished Creatures
  A hound (D:2)
  A gnoll (D:1)
  4 adders (D:2)
  An ooze (D:1)
  A dart slug (D:1)
  A leopard gecko (D:1)
  7 giant cockroaches
  6 hobgoblins
  6 jackals
  A quokka (D:2)
  A ball python (D:2)
  5 bats
  3 frilled lizards (D:1)
  11 goblins
  7 kobolds
  8 rats
64 creatures vanquished.

Notes
Turn   | Place    | Note
-------+----------+-------------------------------------------
     0 | D:1      | Nydiazath the Spriggan Enchanter began the quest for the
                  | Orb.
     0 | D:1      | Reached XP level 1. HP: 9/9 MP: 5/5
   550 | D:1      | Reached XP level 2. HP: 7/13 MP: 5/7
   707 | D:1      | Reached skill level 5 in Stealth
   798 | D:1      | Learned a level 2 spell: Ensorcelled Hibernation
  1384 | D:1      | Reached XP level 3. HP: 11/16 MP: 3/9
  1908 | D:1      | Learned a level 3 spell: Confuse
  2596 | D:2      | Found a sacrificial altar of Ru.
  2603 | D:2      | Reached skill level 6 in Stealth
  2793 | D:2      | Reached XP level 4. HP: 21/21 MP: 11/11
  2794 | D:2      | Found a burning altar of Makhleb.
  3014 | D:2      | Reached XP level 5. HP: 24/24 MP: 7/13
  3456 | D:3      | Reached skill level 7 in Stealth
  3494 | D:2      | Blown up by a hobgoblin

Skill      XL: |  1  2  3  4  5 |
---------------+----------------+-----
Spellcasting   | 3 4 |  4.8
Stealth        | 5 6 7 |  7.0
Short Blades   | |  1.1
Armour         | |  0.5
Dodging        | |  3.0
Hexes          | |  3.6

Action                   |  1- 3 |  4- 6 || total
-------------------------+-------+-------++-------
Melee: Dagger            |   105 |    47 ||   152
 Cast: Corona            |    14 |       ||    14
       Ensorcelled Hiber |    25 |    15 ||    40
       Confuse           |       |     3 ||     3
  Use: Scroll            |     9 |       ||     9
 Stab: Sleeping          |    26 |    17 ||    43
       Paralysed         |     1 |       ||     1
       Confused          |       |     1 ||     1
  Eat: Ration            |     2 |       ||     2
Armor: Robe              |    12 |     7 ||    19
Dodge: Dodged            |    99 |    60 ||   159
